 Dungeon Crawl Stone Soup version 0.28-a0-816-gb054d885db (webtiles) character file.

Game seed: 6996930819194108209

3159 funkygono the Thaumaturge (level 9, -6/47 HPs)
             Began as a Gargoyle Fire Elementalist on Nov 8, 2021.
             Was a Believer of Vehumet.
             Shot with a sling bullet by Joseph (13 damage)
             ... on level 7 of the Dungeon.
             The game lasted 00:15:12 (7753 turns).

funkygono the Thaumaturge (GrFE)                    Turns: 7753, Time: 00:15:12

Health: -6/47      AC: 12    Str: 13    XL:     9   Next: 94%
Magic:  1/21       EV: 12    Int: 29    God:    Vehumet [**....]
Gold:   365        SH: -3    Dex: 10    Spells: 13/24 levels left

rFire   . . .      SeeInvis .   l - +1 whip
rCold   + + +      Faith    .   t - -8 buckler of the Equinox {Rampage rC+++ Int+4}
rNeg    + . .      Spirit   .   a - +0 robe
rPois   ∞          Reflect  .   (no helmet)
rElec   +          Harm     .   (no cloak)
rCorr   .          Rampage  +   n - +1 pair of gloves {Stlth+}
Will    +++..                   j - +1 pair of boots
Stlth   +++.......              g - amulet of Due Proportion {*Corrode Will+++ Regen+ Int+7}
HPRegen 1.15/turn               (no ring)
MPRegen 0.17/turn               (no ring)

@: no status effects
A: sickness immunity, AC +6, negative energy resistance 1, electricity
resistance, torment resistance 1, petrification resistance
a: Renounce Religion


You were on level 7 of the Dungeon.
You worshipped Vehumet.
Vehumet was pleased with you.
You visited 1 branch of the dungeon, and saw 7 of its levels.
You also visited: Ossuary.

You collected 365 gold pieces.

Inventory:

Hand Weapons
 f - a +0 mace
 l - a +1 whip (weapon)
Missiles
 c - 226 stones
Armour
 a - a +0 robe (worn)
 j - a +1 pair of boots (worn)
 n - a +1 pair of gloves of stealth (worn)
 t - the -8 buckler of the Equinox (worn) {Rampage rC+++ Int+4}
   (You acquired it on level 4 of the Dungeon)

   Int:       It affects your intelligence (+4).
   rC:        It renders you almost immune to cold.
   Rampage:   It bestows one free step when moving towards enemies.
 u - a +0 troll leather armour
 F - the +4 ring mail "Hualoll" {rF++ MP-9}
   (You found it on level 6 of the Dungeon)

   rF:        It greatly protects you from fire.
   MP:        It affects your magic capacity (-9).
Magical Staves
 o - a staff of air
Jewellery
 g - the amulet of Due Proportion (around neck) {*Corrode Will+++ Regen+ Int+7}
   (You acquired it on level 3 of the Dungeon)

   [amulet of regeneration]

   Int:       It affects your intelligence (+7).
   Regen:     It increases your rate of health regeneration.
   *Corrode:  It may corrode you when you take damage.
   Will:      It greatly increases your willpower.
 i - a ring of ice
 y - an amulet of faith
 B - a ring of ice
 G - an amulet of regeneration
Wands
 r - a wand of acid (8)
Scrolls
 d - 3 scrolls of teleportation
 k - a scroll of fear
 w - 2 scrolls of blinking
 C - a scroll of fog
Potions
 b - 2 potions of mutation {unknown}
 e - 2 potions of degeneration {unknown}
 h - 4 potions of haste
 m - 3 potions of heal wounds {unknown}
 p - 2 potions of might {unknown}
 q - 4 potions of magic {unknown}
 s - 6 potions of curing
 v - a potion of berserk rage {unknown}
 x - 3 potions of lignification {unknown}
 z - 2 potions of brilliance {unknown}
 A - 3 potions of cancellation {unknown}
 D - a potion of attraction {unknown}
 E - a potion of ambrosia {unknown}


   Skills:
 + Level 1.4 Fighting
 + Level 2.5 Maces & Flails
 + Level 2.0 Dodging
 - Level 2.1 Stealth
 * Level 3.4 Shields
 * Level 8.2 Spellcasting
 * Level 6.3 Conjurations
 * Level 7.8 Fire Magic


You had 13 spell levels left.
You knew the following spells:

 Your Spells              Type           Power      Damage    Failure   Level
a - Foxfire               Conj/Fire      100%       2x1d9     1%          1
b - Scorch                Fire           100%       2d10      1%          2
c - Conjure Flame         Conj/Fire      52%        6-21      1%          3
d - Flame Wave            Conj/Fire      52%        3d10      2%          4
e - Sandblast             Erth           22%        2d7       4%          1

Your spell library contained the following spells:

 Spells                   Type           Power      Damage    Failure   Level
 Stone Arrow              Conj/Erth      60%        3d10      4%          3
 Magic Dart               Conj           100%       1d8       1%          1
 Searing Ray              Conj           96%        2d7       1%          2
 Inner Flame              Hex/Fire       34%        N/A       3%          3
 Mephitic Cloud           Conj/Pois/Air  24%        N/A       6%          3
 Call Imp                 Summ           11%        N/A       8%          2
 Fulminant Prism          Conj/Hex       15%        3d11      13%         4


Dungeon Overview and Level Annotations

Branches:
Dungeon (7/15)             Temple (0/1) D:7         Ossuary (visited)

Altars:
Vehumet

Shops:
D:5 :   D:6 :

Annotations:
D:3 exclusion: statue
D:7 Joseph


Innate Abilities, Weirdness & Mutations

You are immune to sickness and miasma.
Your stone body is resilient. (AC +6)
You are immune to poison.
You resist negative energy. (rN+)
You are resistant to electric shocks. (rElec)
You are resistant to unholy torment.
You are immune to petrification.


Message History

Joseph is lightly wounded.
The foxfire hits Joseph.
Joseph is moderately wounded.
Casting: Foxfire (safe; 1% risk of failure)
Confirm with . or Enter, or press ? or * to list all spells.
You conjure some foxfire!
Your foxfire dissipates!
The foxfire hits Joseph but does no damage.
Joseph is moderately wounded.
Joseph shoots a sling bullet.
The sling bullet hits you!
Casting: Foxfire (safe; 1% risk of failure)
Confirm with . or Enter, or press ? or * to list all spells.
Flames lash Joseph.
Joseph is moderately wounded.
Joseph's fire resistance burns away.
Your foxfire dissipates!
The foxfire hits Joseph.
Joseph is burned terribly!
Joseph is moderately wounded.
The foxfire hits Joseph but does no damage.
Joseph is moderately wounded.
Joseph shoots a sling bullet.
The sling bullet closely misses you.
Casting: Scorch (safe; 1% risk of failure)
Confirm with . or Enter, or press ? or * to list all spells.
You conjure some foxfire!
Your foxfire dissipates!
Casting: Foxfire (safe; 1% risk of failure)
Confirm with . or Enter, or press ? or * to list all spells.
Flames lash Joseph.
Joseph is burned terribly!
Joseph is severely wounded.
The foxfire hits Joseph but does no damage.
Joseph is severely wounded.
The foxfire hits Joseph.
Joseph is burned terribly!
Joseph is almost dead.
Joseph shoots a sling bullet.
The sling bullet hits you!
* * * LOW HITPOINT WARNING * * *
Casting: Scorch (safe; 1% risk of failure)
Confirm with . or Enter, or press ? or * to list all spells.
You conjure some foxfire!
Joseph shoots a sling bullet.
The sling bullet hits you!
You die...

.# .######## .##.....# .
###.....# ..
........###+####### .#
.........#........# ..'
'#########........# ...#
.##.....##......v)#....#
................@)@....#
........#####..#v##....#
....(...#....##### ####
........#..†.#
........#....#
#########....# ######


You could see Joseph (combustible, ally target).

Vanquished Creatures
  A troll (D:6)
  2 black bears
  2 orc warriors
  A hornet zombie (D:7)
  An ice beast (D:7)
  3 sky beasts
  A necrophage (D:6)
  2 ogres
  A centaur (D:5)
  3 bullfrogs
  6 scorpions (Ossuary)
  5 killer bees (D:5)
  3 centaur zombies (Ossuary)
  2 human zombies (Ossuary)
  A jelly (D:5)
  5 hounds
  4 orc priests
  A gnoll shaman (D:6)
  4 iguanas
  3 scorpion zombies (Ossuary)
  Ijyb (D:4)
  An orc wizard (D:6)
  3 mummies (Ossuary)
  7 gnolls
  8 adders
  A white imp (D:7)
  An adder skeleton (D:4)
  A worm (D:4)
  4 dart slugs
  14 orcs
  5 endoplasms
  2 giant cockroaches
  4 goblins
  3 hobgoblins
  5 jackals
  3 kobolds
  6 quokkas
  9 ball pythons
  6 bats
  4 frilled lizards
  2 goblin zombies (Ossuary)
  A hobgoblin zombie (Ossuary)
  3 kobold zombies (Ossuary)
  3 orc zombies (Ossuary)
  7 rats
155 creatures vanquished.

Vanquished Creatures (others)
  664 foxfires
664 creatures vanquished.

Grand Total: 819 creatures vanquished

Notes
Turn   | Place    | Note
-------+----------+-------------------------------------------
     0 | D:1      | funkygono the Gargoyle Fire Elementalist began the quest
                  | for the Orb.
     0 | D:1      | Reached XP level 1. HP: 10/10 MP: 3/3
   366 | D:1      | Reached XP level 2. HP: 15/15 MP: 3/5
   369 | D:1      | Learned a level 2 spell: Scorch
  1068 | D:1      | Reached XP level 3. HP: 19/19 MP: 3/6
  1155 | D:1      | Learned a level 3 spell: Conjure Flame
  1374 | D:2      | Found a faded altar of an unknown god.
  1927 | D:3      | Reached XP level 4. HP: 24/24 MP: 5/8
  1959 | D:3      | Reached skill level 3 in Spellcasting
  2547 | D:3      | Reached XP level 5. HP: 28/28 MP: 3/10
  2552 | D:3      | Learned a level 4 spell: Flame Wave
  2806 | D:3      | Found a radiant altar of Vehumet.
  2806 | D:3      | Noticed a frost-covered statue
  3043 | D:3      | Became a worshipper of Vehumet
  3146 | D:3      | Identified a scroll of acquirement
  3146 | D:3      | Acquired the amulet of Due Proportion {*Corrode Will+++
                  | Regen+ Int+7}
  3180 | D:4      | Noticed an ogre
  3197 | D:3      | Killed an ogre
  3403 | D:4      | Reached skill level 4 in Spellcasting
  3403 | D:4      | Reached XP level 6. HP: 20/32 MP: 1/12
  3723 | D:4      | Noticed a sky beast
  3737 | D:4      | Killed a sky beast
  3738 | D:4      | Reached skill level 5 in Fire Magic
  3738 | D:4      | Reached XP level 7. HP: 35/36 MP: 2/13
  4002 | D:4      | Noticed Ijyb
  4008 | D:4      | Killed Ijyb
  4086 | D:4      | Acquired the -8 buckler of the Equinox {Rampage rC+++
                  | Int+4}
  4094 | D:4      | Acquired a +1 pair of gloves of stealth
  4119 | D:5      | Entered Level 5 of the Dungeon
  4281 | D:5      | Reached skill level 5 in Spellcasting
  4325 | D:5      | Reached * piety under Vehumet
  4325 | D:5      | Offered knowledge of Sandblast by Vehumet.
  4553 | D:5      | Reached skill level 1 in Shields
  4816 | D:5      | Found Tesearai's Book Shop.
  4828 | D:5      | Reached XP level 8. HP: 41/41 MP: 9/16
  4833 | D:5      | Learned a level 1 spell: Sandblast
  5863 | D:6      | Noticed a troll
  5879 | D:6      | Killed a troll
  5880 | D:6      | Reached skill level 6 in Spellcasting
  5880 | D:6      | Reached skill level 5 in Conjurations
  6051 | D:6      | Found Voemuer's Self-Improvement Boutique.
  6083 | D:6      | Reached XP level 9. HP: 45/45 MP: 8/19
  6108 | D:6      | Found a sand-covered staircase.
  6117 | Ossuary  | Entered an ossuary
  6198 | Ossuary  | Reached skill level 7 in Spellcasting
  6329 | Ossuary  | Offered knowledge of Static Discharge by Vehumet.
  6333 | Ossuary  | Reached ** piety under Vehumet
  6338 | Ossuary  | Reached skill level 1 in Maces & Flails
  6756 | Ossuary  | Reached skill level 1 in Fighting
  7083 | D:6      | Identified the +4 ring mail "Hualoll" {rF++ MP-9}
  7475 | D:7      | Reached skill level 8 in Spellcasting
  7579 | D:7      | Found a staircase to the Ecumenical Temple.
  7717 | D:7      | Offered knowledge of Stone Arrow by Vehumet.
  7740 | D:7      | Noticed Joseph
  7753 | D:7      | Shot with a sling bullet by Joseph

Illustrated notes

Levels and vault maps discovered:
D:1:      amcnicky_arrival_gap_in_the_tavern_cellar, layout_basic, st_stairs_2
D:2:      layout_rooms, ebering_ecumenical_altar_abandoned, uniq_sigmund
D:3:      layout_rooms, vehumet_statue, kennysheep_generic_room_5
D:4:      layout_cave_pools, nrook_mini_backslash, fountainhead, uniq_ijyb
D:5:      layout_layer_cave, serial_shops, nicolae_shop_waterfront
D:6:      layout_basic, enter_ossuary_1, minmay_misc_feat_diagonals,
          nicolae_shop_self_help
D:7:      layout_gridville, minmay_temple_entry_fiery, uniq_joseph

Skill      XL: |  1  2  3  4  5  6  7  8  9 |
---------------+----------------------------+-----
Conjurations   | 2 3 4 5 6 |  6.3
Spellcasting   | 3 4 5 6 8 |  8.2
Fire Magic     | 4 5 6 7 |  7.8
Shields        | 1 2 3 |  3.4
Maces & Flails | 2 |  2.5
Dodging        | 2 |  2.0
Fighting       | 1 |  1.4
Stealth        | |  2.1

Action                   |  1- 3 |  4- 6 |  7- 9 || total
-------------------------+-------+-------+-------++-------
Melee: Mace              |     9 |     3 |       ||    12
       Whip              |       |    17 |    34 ||    51
 Cast: Foxfire           |    54 |    89 |   247 ||   390
       Scorch            |     5 |     9 |    13 ||    27
       Flame Wave        |       |       |     5 ||     5
  Use: Scroll            |       |     5 |     8 ||    13
Armor: Robe              |    13 |    11 |    20 ||    44
Dodge: Dodged            |    14 |    19 |    38 ||    71

Table legend: (Time is in decaauts)
 A = Elapsed time spent in this place.
 B = Non-inter-level travel time spent in this place.
 C = Inter-level travel time spent in this place.
 D = Time resting spent in this place.
 E = Time spent auto-exploring this place.
 F = Levels seen in this place.
 G = Mean time per level.
                   A        B        C        D        E       F      G
               +--------+--------+--------+--------+--------+-----+--------+
         Total |   7763 |   7573 |    190 |    316 |   5935 |   8 |  970.4 |
       Dungeon |   7055 |   6865 |    190 |    287 |   5462 |   7 | 1007.9 |
       Ossuary |    707 |    707 |      0 |     29 |    473 |   1 |  707.0 |
               +--------+--------+--------+--------+--------+-----+--------+

Top non-repeatable levels by time:
     D:5: 1721 daAuts
     D:3: 1395 daAuts
     D:1: 1192 daAuts
     D:4: 879 daAuts
     D:6: 733 daAuts
 Ossuary: 707 daAuts
     D:2: 659 daAuts
     D:7: 474 daAuts
